 Dungeon Crawl Stone Soup version 0.27-a0-1081-ge8a0a9c698 (webtiles) character file.

Game seed: 14202828032554651878

82069 lunkers the Eclecticist (level 15, -14/120 HPs)
             Began as a Djinni Air Elementalist on Apr 16, 2021.
             Was the Champion of Makhleb.
             Killed from afar by Frances (21 damage)
             ... with a shard of ice
             ... on level 1 of the Snake Pit on Apr 26, 2021.
             The game lasted 01:05:10 (35153 turns).

lunkers the Eclecticist (Djinni Air Elementalist)  Turns: 35153, Time: 01:05:10

Health: -14/120    AC: 18    Str: 10    XL:     15   Next: 72%
Gold:   60         EV: 15    Int: 22    God:    Makhleb [******] SH: 14 Dex: 24

rFire    + + +     SeeInvis .   M - +9 morningstar "Surow" {drain, Dex+2}
rCold    + + .     Faith    .   V - +3 buckler of Oraonod {rF+ rC+ Slay+3 Stlth+}
rNeg     . . .     Spirit   .   P - +3 ring mail of the Many Priests {Dex+7}
rPois    ∞         Reflect  +   l - +0 helmet of the Ladybird {rCorr Dex+3}
rElec    .         Harm     .   n - +1 cloak {rPois}
rCorr    +         Rampage  .   d - +2 pair of gloves
Will     +....                  (boots unavailable)
Stlth    ++++......             I - amulet of reflection
HPRegen  0.30/turn              w - +4 ring of evasion
MPRegen  0.00/turn              j - ring of Xunteshra {rC++ AC+4 Str+3 Dex-3 Stlth+}

@: flying
A: fire resistance 2, cold vulnerability 1, float, innate caster, hp casting,
extra vitality 1
a: Renounce Religion, Minor Destruction, Lesser Servant of Makhleb, Major
Destruction, Greater Servant of Makhleb


You were on level 1 of the Snake Pit.
You worshipped Makhleb.
Makhleb was exalted by your worship.
You visited 5 branches of the dungeon, and saw 24 of its levels.

You collected 2100 gold pieces.
You spent 2040 gold pieces at shops.

Inventory:

Hand Weapons
 M - the +9 morningstar "Surow" (weapon) {drain, Dex+2}
   (You found it on level 9 of the Dungeon)

   A truly terrible weapon, it drains the life of those it strikes.
   It affects your dexterity (+2).
 Q - the +9 scimitar of the Pariah {vorpal, rF++ Int-3 Dex+3}
   (You took it off a gnoll sergeant on level 11 of the Dungeon)

   It inflicts extra damage upon your enemies.
   It affects your intelligence (-3).
   It affects your dexterity (+3).
   It greatly protects you from fire.
Missiles
 a - 13 curare-tipped darts
 h - 12 atropa-tipped darts
 k - 5 throwing nets
 Z - 8 boomerangs of dispersal
Armour
 d - a +2 pair of gloves (worn)
 l - the +0 helmet of the Ladybird (worn) {rCorr Dex+3}
   (You bought it in a shop on level 2 of the Orcish Mines)

   It affects your dexterity (+3).
   It protects you from acid and corrosion.
 n - a +1 cloak of poison resistance (worn)
 F - a +2 robe of willpower
 N - a +2 robe of resistance
 P - the +3 ring mail of the Many Priests (worn) {Dex+7}
   (You bought it in a shop on level 2 of the Orcish Mines)

   It affects your dexterity (+7).
 V - the +3 buckler of Oraonod (worn) {rF+ rC+ Slay+3 Stlth+}
   (You found it on level 13 of the Dungeon)

   It affects your accuracy and damage with ranged weapons and melee attacks
   (+3).
   It protects you from fire.
   It protects you from cold.
   It makes you more stealthy.
Jewellery
 e - a ring of protection from cold
 j - the ring of Xunteshra (right hand) {rC++ AC+4 Str+3 Dex-3 Stlth+}
   (You bought it in a shop on level 2 of the Orcish Mines)

   [ring of protection]

   It affects your AC (+4).
   It affects your strength (+3).
   It affects your dexterity (-3).
   It greatly protects you from cold.
   It makes you more stealthy.
 v - a +4 ring of evasion
 w - a +4 ring of evasion (left hand)
 y - a +4 ring of evasion
 H - an amulet of the acrobat
 I - an amulet of reflection (around neck)
Wands
 p - a wand of polymorph (19)
 A - a wand of digging (9)
 C - a wand of flame (56)
 D - a wand of mindburst (22)
 E - a wand of paralysis (12)
 L - a wand of iceblast (32)
 O - a wand of charming (7)
 U - a wand of acid (7)
Scrolls
 b - 2 scrolls of fear
 m - 4 scrolls of enchant weapon
 o - 4 scrolls of teleportation
 r - 2 scrolls of magic mapping
 s - 5 scrolls of enchant armour
 G - a scroll of immolation
 K - 2 scrolls of identify
 S - 2 scrolls of fog
 T - a scroll of holy word
 W - 2 scrolls of blinking
Potions
 c - a potion of cancellation
 f - 2 potions of attraction
 g - 3 potions of haste
 i - 3 potions of curing
 q - 3 potions of might
 t - 13 potions of heal wounds
 u - 4 potions of lignification
 x - 2 potions of brilliance
 z - 3 potions of invisibility
 B - 2 potions of berserk rage
 J - 5 potions of mutation
 X - 9 potions of ambrosia
Miscellaneous
 Y - a tin of tremorstones (2/2)


   Skills:
 + Level 15.2 Fighting
 - Level 2.1 Dodging
 - Level 1.5 Stealth
 - Level 4.0 Shields
 * Level 17.7 Spellcasting


You had 10 spell levels left.
You knew the following spells:

 Your Spells              Type           Power      Damage    Failure   Level
a - Lightning Bolt        Conj/Air       39%        1d57      1%          5
b - Static Discharge      Conj/Air       78%        N/A       0%          2
c - Swiftness             Air            78%        N/A       0%          3
d - Shock                 Conj/Air       100%       1d9       0%          1
e - Airstrike             Air            39%        N/A       1%          4
f - Summon Small Mammal   Summ           100%       N/A       0%          1
g - Ensorcelled Hibernat  Hex/Ice        100%       N/A       0%          2
h - Ozocubu's Armour      Ice            78%        N/A       0%          3
i - Confusing Touch       Hex            78%        N/A       0%          3
j - Summon Ice Beast      Ice/Summ       78%        N/A       1%          4
k - Lee's Rapid Deconstr  Erth           39%        3d20*     1%          5
l - Simulacrum            Ice/Necr       39%        N/A       1%          6
Your spell library was empty.

Dungeon Overview and Level Annotations

Branches:
Dungeon (14/15)            Temple (1/1) D:5            Lair (6/6) D:10
  Swamp (0/4) Lair:4        Snake (1/4) Lair:4        Slime (0/5) Lair:6
    Orc (2/2) D:12            Elf (0/3) Orc:2        Vaults (0/5) D:13

Altars:
Ashenzari
Cheibriados
Dithmenos
Elyvilon
Fedhas
Gozag
Hepliaklqana
Kikubaaqudgha
Makhleb
Nemelex Xobeh
Okawaru
Qazlal
Ru
Sif Muna
Trog
Uskayaw
Vehumet
Wu Jian
Xom
Yredelemnul
Zin
The Shining One
Beogh
Jiyva

Shops:
Orc:1 (   Orc:2 =[(![

Annotations:
D:9 2 transporters, ardl's ghost, journeyman DjFi
Lair:2 1 runed translucent door, Pooter's ghost, journeyman TrEE
Lair:6 1 runed translucent door
Snake:1 Frances
Orc:1 2 transporters


Innate Abilities, Weirdness & Mutations

You are immune to poison.
Your flesh is very heat resistant. (rF++)
You are vulnerable to cold. (rC-)
You float through the air rather than walking.
You learn spells naturally, not from books.
Your magical power is your life essence.
You have superior vitality. (+4 HP)


Message History

* * * LOW HITPOINT WARNING * * *
Casting: Lightning Bolt (safe; 1% risk of failure)
Confirm with . or Enter, or press ? or * to list all spells.
Aiming: Lightning Bolt (safe; 1% risk of failure)
Press: ? - help, Shift-Dir - straight line, f/p - Frances
Aim: Frances, wielding a +0 flail and wearing a +0 chain mail (lightly wounded, fast, 74% to hit)
You hear a mighty clap of thunder!
The bolt of lightning hits Frances!!
Frances is moderately wounded.
The bolt of lightning hits Frances!!
Frances is heavily wounded.
* * * LOW HITPOINT WARNING * * *
Unknown command.
Casting: Lightning Bolt (safe; 1% risk of failure)
Confirm with . or Enter, or press ? or * to list all spells.
Aiming: Lightning Bolt (safe; 1% risk of failure)
Press: ? - help, Shift-Dir - straight line, f/p - Frances
Aim: Frances, wielding a +0 flail and wearing a +0 chain mail (heavily wounded, fast, 74% to hit)
You hear a mighty clap of thunder!
The bolt of lightning hits Frances.
Frances is severely wounded.
The bolt of lightning hits Frances!!
Frances is almost dead.
* * * LOW HITPOINT WARNING * * *
Frances hits you with a +0 flail!
* * * LOW HITPOINT WARNING * * *
Frances completely misses you.
Unknown command.
Casting: Lightning Bolt (safe; 1% risk of failure)
Confirm with . or Enter, or press ? or * to list all spells.
Aiming: Lightning Bolt (safe; 1% risk of failure)
Press: ? - help, Shift-Dir - straight line, f/p - Frances
Aim: Frances, wielding a +0 flail and wearing a +0 chain mail (severely wounded, fast, 74% to hit)
You hear a mighty clap of thunder!
The bolt of lightning misses Frances.
The bolt of lightning hits Frances!
Frances is almost dead.
* * * LOW HITPOINT WARNING * * *
Frances screams a word of power!
The shard of ice hits you!! You partially resist.
You die...

...................#.## ..
...........#.......#..# ..
......................## ..
........)...........#..###.#
..........####.....##...#.#
.......@.## #####.. #.#...##
.......#†###.# ###...#.....
#.######†##..# #####.###.##
##..@@## ##..#### #.#
#......###.....# #.##
#.##.##?.......## ##.# ##
#.####.......## #.#
##.##.........# #.#
#.##.........###.#
#.##..........##.#
##.............#..
#.............##.


You could see Frances (fast).

Vanquished Creatures
  Nessos (D:12)
  Azrael (D:13)
  A fire dragon (Lair:6)
  A vault guard (D:13)
  Harold (D:7)
  2 ogre magi (Orc:2)
  A boulder beetle (D:10)
  5 hydras
  11 two-headed ogres
  2 centaur warriors
  An anaconda (Snake:1)
  2 death yaks (Lair:1)
  Erica (D:9)
  Urug (Lair:1)
  A shock serpent (shapeshifter) (D:11)
  Sonja (D:11)
  A skeletal warrior (D:13)
  3 deep trolls
  A lindwurm (Lair:6)
  Pikel (D:6)
  An orc knight (Orc:2)
  A deep elf pyromancer (D:11)
  A manticore (D:12)
  3 oklob plants
  A wizard (D:9)
  A mana viper (Snake:1)
  2 orc sorcerers
  3 cyclopes
  An ugly thing (D:13)
  A salamander (Snake:1)
  A wolf spider (D:13)
  10 elephants (Lair:5)
  A naga mage (Snake:1)
  Maurice (D:12)
  7 black mambas
  2 molten gargoyles (Lair:6)
  A torpor snail (Lair:1)
  11 cane toads
  A gargoyle (D:12)
  3 rime drakes
  5 large abominations (D:9)
  Psyche (D:8)
  2 efreet
  10 komodo dragons
  A tengu conjurer (D:11)
  2 ice devils (D:11)
  A queen bee (Lair:2)
  16 trolls
  4 polar bears
  A hornet (D:11)
  A tyrant leech (Lair:4)
  Prince Ribbit (D:7)
  6 slime creatures
  14 blink frogs
  A centaur simulacrum (D:13)
  2 shadows
  9 wyverns
  39 yaks
  7 basilisks
  A fire elemental (D:13)
  3 wargs (Orc:1)
  6 vampire mosquitoes (D:12)
  2 steam dragons (Lair:6)
  3 nagas
  3 swamp worms (Lair:4)
  18 water moccasins
  7 hell hounds
  5 black bears
  2 sky beasts (D:7)
  A black bear (shapeshifter) (D:11)
  18 orc warriors
  27 ogres
  A necrophage (D:4)
  10 wolves
  4 centaurs
  2 lemures (D:6)
  A phantom (D:4)
  2 kobold brigands
  13 bullfrogs
  6 small abominations
  2 gnoll sergeants
  4 scorpions
  36 killer bees
  8 wights
  4 howler monkeys
  5 centaur zombies
  5 lava snakes (Lair:6)
  10 orc priests
  A jelly (D:4)
  Crazy Yiuf (D:7)
  A hound (D:6)
  2 bullfrog skeletons
  5 iguanas
  Jessica (D:3)
  16 orc wizards
  2 hound skeletons (D:4)
  A howler monkey zombie (D:10)
  A howler monkey skeleton (D:4)
  6 gnolls
  2 adders
  4 worms
  9 dart slugs
  57 orcs
  5 bats
  13 endoplasms
  4 giant cockroaches (D:5)
  5 goblins
  3 hobgoblins
  4 jackals (D:3)
  5 quokkas
  4 ball pythons
  8 frilled lizards
  11 kobolds
  6 rats
601 creatures vanquished.

Vanquished Creatures (others)
  A bush (Lair:5)
  48 fungi
  47 plants
  2 withered plants (Lair:2)
98 creatures vanquished.

Grand Total: 699 creatures vanquished

Notes
Turn   | Place    | Note
-------+----------+-------------------------------------------
     0 | D:1      | lunkers the Djinni Air Elementalist began the quest for the
                  | Orb.
     0 | D:1      | Reached XP level 1. HP: 15/15 MP: 0/0
    86 | D:1      | You are sucked into a shaft and drop 1 floor!
   622 | D:2      | Reached skill level 3 in Spellcasting
   622 | D:2      | Reached XP level 2. HP: 19/22 MP: 0/0
   728 | D:2      | Reached skill level 1 in Fighting
  1103 | D:2      | Reached XP level 3. HP: 24/27 MP: 0/0
  1103 | D:2      | Learned a level 1 spell: Summon Small Mammal
  2636 | D:3      | Reached XP level 4. HP: 25/33 MP: 0/0
  2718 | D:3      | Found a stormy altar of Qazlal.
  3152 | D:3      | Found an iron altar of Okawaru.
  3327 | D:3      | Noticed Jessica
  3333 | D:3      | Killed Jessica
  3334 | D:3      | Reached skill level 4 in Spellcasting
  3371 | D:3      | Found a faded altar of an unknown god.
  3685 | D:4      | Noticed an ogre
  3690 | D:4      | Killed an ogre
  3691 | D:4      | Reached XP level 5. HP: 35/40 MP: 0/0
  3691 | D:4      | Learned a level 2 spell: Ensorcelled Hibernation
  3909 | D:4      | Reached XP level 6. HP: 34/46 MP: 0/0
  3995 | D:4      | Reached skill level 5 in Spellcasting
  4254 | D:4      | Reached XP level 7. HP: 25/51 MP: 0/0
  4254 | D:4      | Learned a level 3 spell: Ozocubu's Armour
  5245 | D:4      | Reached skill level 6 in Spellcasting
  5504 | D:5      | Entered Level 5 of the Dungeon
  5734 | D:5      | Reached XP level 8. HP: 18/58 MP: 0/0
  5965 | D:5      | Reached skill level 5 in Fighting
  6036 | D:5      | Found a staircase to the Ecumenical Temple.
  6207 | D:5      | Reached skill level 7 in Spellcasting
  7038 | Temple   | Entered the Ecumenical Temple
  7518 | D:6      | Reached skill level 1 in Shields
  7595 | D:6      | Noticed Pikel
  7775 | D:6      | Killed Pikel
  7776 | D:6      | Reached skill level 8 in Spellcasting
  7776 | D:6      | Reached XP level 9. HP: 54/66 MP: 0/0
  7776 | D:6      | Learned a level 3 spell: Confusing Touch
  8407 | D:7      | Noticed Prince Ribbit
  8410 | D:7      | Killed Prince Ribbit
  8700 | D:7      | Noticed Harold
  8708 | D:7      | Killed Harold
  8709 | D:7      | Reached skill level 9 in Spellcasting
  9229 | D:7      | Found a runed translucent door.
  9230 | D:7      | Noticed Crazy Yiuf
  9248 | D:7      | Killed Crazy Yiuf
  9355 | D:8      | Reached XP level 10. HP: 67/75 MP: 0/0
  9742 | D:8      | Noticed Psyche
  9745 | D:8      | Killed Psyche
 10115 | D:8      | Reached skill level 10 in Spellcasting
 10477 | D:8      | Found a burning altar of Makhleb.
 10481 | D:8      | Found a white marble altar of Elyvilon.
 10482 | D:8      | Found a sparkling altar of Nemelex Xobeh.
 10486 | D:8      | Became a worshipper of Makhleb the Destroyer
 11584 | D:9      | Noticed a moth of wrath
 11609 | D:9      | Noticed a large abomination
 11610 | D:9      | Noticed a wizard
 11616 | D:9      | Killed a large abomination
 12128 | D:9      | Noticed a cyclops
 12133 | D:9      | Found a transporter.
 12139 | D:9      | Found a transporter.
 12140 | D:9      | Found a bloodstained altar of Trog.
 12158 | D:9      | Noticed a large abomination
 12163 | D:9      | Killed a large abomination
 12164 | D:9      | Reached skill level 11 in Spellcasting
 12164 | D:9      | Reached XP level 11. HP: 64/84 MP: 0/0
 12164 | D:9      | Learned a level 4 spell: Summon Ice Beast
 12240 | D:9      | Noticed a large abomination
 12248 | D:9      | Killed a large abomination
 12524 | D:9      | Reached * piety under Makhleb
 12620 | D:9      | Killed a wizard
 12629 | D:9      | Noticed ardl's ghost (journeyman DjFi)
 12630 | D:9      | Noticed a two-headed ogre
 12847 | D:9      | Noticed Erica
 12855 | D:9      | Killed Erica
 13334 | D:9      | Identified the +9 morningstar "Surow" {drain, Dex+2}
 13338 | D:9      | Identified the +4 arbalest "Yngiewan" {penet, Fragile
                  | Will++ Int+5}
 13393 | D:10     | Entered Level 10 of the Dungeon
 13527 | D:10     | Reached skill level 10 in Fighting
 13817 | D:10     | Reached skill level 12 in Spellcasting
 14609 | D:10     | Found a staircase to the Lair.
 15073 | D:10     | Reached ** piety under Makhleb
 15208 | D:11     | Noticed a boulder beetle
 15827 | D:11     | Noticed Sonja
 15830 | D:11     | Killed Sonja
 15831 | D:11     | Reached XP level 12. HP: 85/93 MP: 0/0
 15841 | D:11     | Noticed a shock serpent
 15845 | D:11     | Killed a shock serpent
 15864 | D:11     | Identified the +9 scimitar of the Pariah {vorpal, rF++
                  | Int-3 Dex+3}
 16337 | D:11     | Identified the +0 buckler "Fonaurch" {rF+ MP+9}
 16369 | D:11     | Reached skill level 13 in Spellcasting
 16486 | D:11     | Noticed a two-headed ogre
 16492 | D:11     | Killed a two-headed ogre
 17748 | D:12     | Noticed a two-headed ogre
 17754 | D:12     | Killed a two-headed ogre
 17814 | D:12     | Reached *** piety under Makhleb
 18157 | D:12     | Noticed Nessos
 18162 | D:12     | Killed Nessos
 18777 | D:12     | Found a staircase to the Orcish Mines.
 18802 | D:12     | Noticed Maurice
 18806 | D:12     | Killed Maurice
 19342 | D:12     | Reached skill level 14 in Spellcasting
 19754 | D:10     | Killed a boulder beetle
 19755 | D:10     | Reached XP level 13. HP: 56/101 MP: 0/0
 19755 | D:10     | Learned a level 5 spell: Lee's Rapid Deconstruction
 19945 | Lair:1   | Entered Level 1 of the Lair of Beasts
 19956 | Lair:1   | Noticed Urug
 19964 | Lair:1   | Killed Urug
 20064 | Lair:1   | Found a bloodstained altar of Trog.
 20801 | Lair:1   | Found a blossoming altar of Fedhas.
 21747 | Lair:2   | Found a runed translucent door.
 21859 | Lair:2   | Reached **** piety under Makhleb
 21950 | Lair:2   | Noticed Pooter's ghost (journeyman TrEE)
 22945 | Lair:2   | Reached skill level 15 in Spellcasting
 23843 | Lair:3   | You are sucked into a shaft and drop 1 floor!
 24953 | Lair:4   | Found a staircase to the Snake Pit.
 25209 | Lair:4   | Found a staircase to the Swamp.
 25671 | Lair:5   | Reached ***** piety under Makhleb
 25673 | Lair:5   | Reached XP level 14. HP: 85/110 MP: 0/0
 26103 | Lair:5   | Found a glowing golden altar of the Shining One.
 26598 | Lair:6   | Entered Level 6 of the Lair of Beasts
 26712 | Lair:6   | Found a runed translucent door.
 26712 | Lair:6   | Found a viscous altar of Jiyva.
 26724 | Lair:6   | Noticed an acid blob
 26724 | Lair:6   | Noticed an acid blob
 26725 | Lair:6   | Found a staircase to the Slime Pits.
 26725 | Lair:6   | Noticed an acid blob
 26880 | Lair:6   | Reached skill level 16 in Spellcasting
 28168 | Lair:6   | Found a large runed translucent door.
 28168 | Lair:6   | Found a large runed translucent door.
 29020 | Orc:1    | Entered Level 1 of the Orcish Mines
 29171 | Orc:1    | Found a transporter.
 29177 | Orc:1    | Noticed an orc warlord
 29266 | Orc:1    | Found a transporter.
 29302 | Orc:2    | Entered Level 2 of the Orcish Mines
 29363 | Orc:1    | Reached ****** piety under Makhleb
 29993 | Orc:1    | Found Woummygg's Antique Weapon Shop.
 30233 | Orc:1    | Upgraded the game from 0.27-a0-998-g4cfe56dd59 to
                  | 0.27-a0-1051-g288ea87c7c
 31090 | Orc:2    | Reached XP level 15. HP: 91/118 MP: 0/0
 31090 | Orc:2    | Learned a level 6 spell: Simulacrum
 31192 | Orc:2    | Reached skill level 17 in Spellcasting
 32186 | Orc:2    | Found Jinuaw's Jewellery Shop.
 32260 | Orc:2    | Found Woyfiw's Antique Armour Emporium.
 32291 | Orc:2    | Found Hothres's Antique Weapon Boutique.
 32293 | Orc:2    | Found Wuleusm's Distillery.
 32295 | Orc:2    | Found a staircase to the Elven Halls.
 32451 | Orc:2    | Found Lyxoopt's Antique Armour Shop.
 32717 | Orc:2    | Bought the ring of Xunteshra {rC++ AC+4 Str+3 Dex-3 Stlth+}
                  | for 1076 gold pieces
 32731 | Orc:2    | Bought a dazzling helmet for 323 gold pieces
 32731 | Orc:2    | Identified the +0 helmet of the Ladybird {rCorr Dex+3} (You
                  | bought it in a shop on level 2 of the Orcish Mines)
 32761 | Orc:2    | Bought an ancient ring mail for 252 gold pieces
 32761 | Orc:2    | Identified the +3 ring mail of the Many Priests {Dex+7}
                  | (You bought it in a shop on level 2 of the Orcish Mines)
 32781 | Orc:2    | Upgraded the game from 0.27-a0-1051-g288ea87c7c to
                  | 0.27-a0-1071-ga85bd9520d
 32877 | Orc:1    | Bought a masterwork hand crossbow for 229 gold pieces
 32877 | Orc:1    | Identified the +6 hand crossbow of Expedience {freeze,
                  | SInv} (You bought it in a shop on level 1 of the Orcish
                  | Mines)
 32953 | Orc:2    | Bought a potion of heal wounds for 80 gold pieces
 32953 | Orc:2    | Bought a potion of heal wounds for 80 gold pieces
 33127 | D:13     | Reached skill level 15 in Fighting
 33356 | D:13     | Identified the +3 buckler of Oraonod {rF+ rC+ Slay+3
                  | Stlth+}
 33485 | D:13     | Noticed Azrael
 33492 | D:13     | Killed Azrael
 33823 | D:13     | Found a bloodstained altar of Trog.
 34114 | D:13     | Found a gate to the Vaults.
 34678 | D:13     | Upgraded the game from 0.27-a0-1071-ga85bd9520d to
                  | 0.27-a0-1081-ge8a0a9c698
 34983 | Snake:1  | Entered Level 1 of the Snake Pit
 35144 | Snake:1  | Noticed Frances
 35153 | Snake:1  | Killed from afar by Frances

Illustrated notes

Levels and vault maps discovered:
D:1:      wander_arrival_desolate, layout_basic
D:2:      layout_rooms, hangedman_glass_teeth, chequers_serial_rivers_room_a,
          minmay_domino_4
D:3:      layout_rooms, old_standard_altar, pf_just_have_faith,
          shapermc_ecumenical_altar_venn, uniq_jessica
D:4:      kennysheep_slugbush, layout_layer_cave, minmay_door_square,
          minmay_vboxes
D:5:      layout_cave_pools, minmay_temple_entry_nine_rooms,
          gup_sewer_entry_bubbles, serial_bayou, serial_bayou_shore_b,
          serial_bayou_shore_a, serial_bayou_ford_a, serial_bayou_lagoon_b,
          serial_bayou_lake_a
D:6:      layout_rooms, uniq_pikel
D:7:      layout_rooms, uniq_prince_ribbit1, uniq_crazy_yiuf_cottage,
          uniq_harold
D:8:      layout_rooms, kennysheep_orc_sif_temple, grunt_temple_overflow_open,
          lemuel_round_altar, uniq_psyche
D:9:      layout_loops_cross, gammafunk_ghost_wrathful_warriors, laboratory,
          uniq_erica
D:10:     layout_basic, minmay_lair_entry_grove
D:11:     minmay_cut_squares, layout_loops_corners,
          portal_ice_cave_demonic_guard, evilmike_butchery, uniq_sonja
D:12:     layout_stronghold, hiddenorc1_lemuel, uniq_maurice, uniq_nessos
D:13:     minmay_blocky_corners, layout_rooms, david_vaults_4,
          hangedman_decor_push, trog_butcher_becter, uniq_azrael
D:14:     layout_long_grid, serial_shops, shop, nicolae_ashenzari_panopticon
Temple:   bh_familiar_temple
Lair:1:   layout_loops_ring, hangedman_tree_tricks, lemuel_altar_in_water2,
          uniq_urug
Lair:2:   layout_long_grid, special_room [special_room_bee],
          gammafunk_ghost_grave, grunt_megastairs_2
Lair:3:   layout_gridlike, minivault_26, grunt_megastairs_3
Lair:4:   layout_small_grid, minmay_swamp_entry_worms,
          guppyfry_snake_entry_island
Lair:5:   layout_loops_ring, basic_altar
Lair:6:   cheibrodos_lair_end_hotspot, layout_regular_city, slime_altar_2
Snake:1:  layout_chambers, special_room, grunt_megastairs_5, uniq_frances,
          uniq_asterion
Orc:1:    gammafunk_beogh_shrine, layout_diamond_mine, serial_shops,
          shop_fountains
Orc:2:    st_orc_open, layout_caves, serial_shops, nicolae_shop_crystal

Skill      XL: |  1  2  3  4  5  6  7  8  9 10 11 12 13 14 15 |
---------------+----------------------------------------------+-----
Spellcasting   | 3 4 5 6 8 9 11 12 14 15 16 17 | 17.7
Fighting       | 1 2 3 4 6 7 9 10 12 13 14 15 | 15.2
Shields        | 2 4 |  4.0
Dodging        | |  2.1
Stealth        | |  1.5

Action                   |  1- 3 |  4- 6 |  7- 9 | 10-12 | 13-15 || total
-------------------------+-------+-------+-------+-------+-------++-------
Melee: Unarmed           |     1 |       |       |       |       ||     1
       Scimitar          |       |       |       |    30 |    17 ||    47
       Morningstar       |       |       |       |       |    12 ||    12
 Cast: Shock             |    83 |   103 |    57 |       |     1 ||   244
       Airstrike         |       |       |    77 |   348 |   540 ||   965
       Static Discharge  |       |       |       |    13 |    18 ||    31
       Lightning Bolt    |       |       |       |    11 |   178 ||   189
Evoke: Wand              |       |       |       |     3 |       ||     3
  Use: Scroll            |       |       |     5 |    10 |    12 ||    27
Armor: Robe              |     3 |     5 |     2 |    22 |    19 ||    51
       Ring mail         |       |       |       |       |    15 ||    15
Dodge: Dodged            |    14 |     9 |    17 |    98 |   161 ||   299
Block: Buckler           |       |       |       |    42 |   110 ||   152
       Reflection        |       |       |       |     1 |     7 ||     8
       Rpst.: Scimitar   |       |       |       |    14 |    31 ||    45

Table legend: (Time is in decaauts)
 A = Elapsed time spent in this place.
 B = Non-inter-level travel time spent in this place.
 C = Inter-level travel time spent in this place.
 D = Time resting spent in this place.
 E = Time spent auto-exploring this place.
 F = Levels seen in this place.
 G = Mean time per level.
                   A        B        C        D        E       F      G
               +--------+--------+--------+--------+--------+-----+--------+
         Total |  35216 |  33553 |   1663 |   5533 |  24523 |  24 | 1467.3 |
       Dungeon |  21660 |  20932 |    728 |   3364 |  15491 |  14 | 1547.1 |
        Temple |    196 |    175 |     21 |      0 |    172 |   1 |  196.0 |
          Lair |   9134 |   8695 |    439 |   1123 |   6716 |   6 | 1522.3 |
     Snake Pit |    169 |    169 |      0 |     35 |     87 |   1 |  169.0 |
  Orcish Mines |   4056 |   3584 |    472 |   1011 |   2057 |   2 | 2028.0 |
               +--------+--------+--------+--------+--------+-----+--------+

Top non-repeatable levels by time:
    D:10: 2691 daAuts
  Lair:1: 2444 daAuts
    D:12: 2245 daAuts
  Lair:6: 2224 daAuts
   Orc:2: 2087 daAuts
     D:9: 1978 daAuts
   Orc:1: 1968 daAuts
    D:11: 1823 daAuts
     D:4: 1818 daAuts
     D:7: 1663 daAuts
    D:13: 1649 daAuts
     D:8: 1604 daAuts
     D:5: 1586 daAuts
  Lair:2: 1430 daAuts
     D:2: 1382 daAuts
